 Dungeon Crawl Stone Soup version 0.25-a0-488-g03579ab (webtiles) character file.

Game seed: 13223458243494235798, levelgen mode: deterministic

23 FerrousOx the Grasshopper (level 2, 0/27 HPs)
             Began as a Naga Warper on Feb 11, 2020.
             Slain by a kobold (1 damage)
             ... on level 1 of the Dungeon.
             The game lasted 00:02:45 (369 turns).

FerrousOx the Grasshopper (Naga Warper)              Turns: 369, Time: 00:02:46

Health: 0/27       AC:  2    Str: 13    XL:     2   Next: 95%
Magic:  5/5        EV:  9    Int: 13    God:
Gold:   16         SH:  0    Dex: 10    Spells: 3/5 levels left

rFire    . . .     SeeInvis +   a - +0 spear
rCold    . . .     Gourm    .   (no shield)
rNeg     . . .     Faith    .   b - +0 leather armour
rPois    +         Spirit   .   (no helmet)
rElec    .         Reflect  .   (no cloak)
rCorr    .         Harm     .   (no gloves)
MR       .....                  (no barding)
Stlth    +.........             (no amulet)
HPRegen  0.09/turn              (no ring)
MPRegen  0.09/turn              (no ring)

@: very slightly contaminated, invisible, very slow
A: large, see invisible, deformed body, poison resistance, slowness 2, slow
metabolism 1, spit poison 1, AC +0
a: Spit Poison


You were on level 1 of the Dungeon.
You were not hungry.

You visited 1 branch of the dungeon, and saw 1 of its levels.

You collected 16 gold pieces.

Inventory:

Hand Weapons
 a - a +0 spear (weapon)
Missiles
 e - 3 boomerangs of dispersal (quivered)
Armour
 b - a +0 leather armour (worn)
Scrolls
 d - a scroll of blinking
 g - 2 scrolls of remove curse {unknown}
 h - a scroll of magic mapping {unknown}
 j - 2 scrolls of random uselessness {unknown}
Potions
 i - a potion of lignification {unknown}
Comestibles
 f - 2 rations


   Skills:
 * Level 2.5 Fighting
 + Level 2.4 Polearms
 - Level 0.8 Throwing
 - Level 0.7 Armour
 + Level 1.8 Dodging
 * Level 2.2 Spellcasting
 - Level 3.0 Translocations


You had 3 spell levels left.
You knew the following spells:

 Your Spells              Type           Power        Failure   Level  Hunger
a - Blink                 Tloc           N/A          14%         2    ###....

Your spell library contained the following spells:

 Spells                   Type           Power        Failure   Level  Hunger
 Shroud of Golubria       Chrm/Tloc      #.....       26%         2    ###....
 Gell's Gravitas          Tloc           #.........   28%         3    ####...
 Lesser Beckoning         Tloc           #.........   28%         3    ####...
 Teleport Other           Tloc           #.......     28%         3    ####...
 Passage of Golubria      Tloc           N/A          67%         4    #####..


Dungeon Overview and Level Annotations

Branches:
Dungeon (1/15)

Altars:


Innate Abilities, Weirdness & Mutations

You cannot wear boots.
Your serpentine skin is tough. (AC +0)
You have supernaturally acute eyesight. (SInv)
Armour fits poorly on your strangely shaped body.
Your system is resistant to poisons. (rPois)
You cover ground very slowly.
You have a slow metabolism.
You can spit poison.


Message History

Aim: a kobold The splash of poison hits the kobold.
The kobold is moderately wounded.
You feel slightly more hungry. The kobold hits you.
* * * LOW HITPOINT WARNING * * *
The dart slug bites you but does no damage.
It was a potion of invisibility.
You fade into invisibility!
The kobold misses you.
You are very lightly contaminated with residual magic.
You hit the dart slug.
The dart slug is almost dead.
You have got your breath back.
The dart slug bites you.
* * * LOW HITPOINT WARNING * * *
The kobold closely misses you.
You hit the dart slug.
You kill the dart slug!
The kobold hits you.
You die...

. #..#### #.....
#..#.# ...(
#..#.## .....
....† ..... #.#.#
....##########.#K#
....+..........(@#
....##..######.###
........#### #...
.....##.......####
...........##.
....###.#####.
....# #... ..
...## ##### ##
#...#


You could see a kobold.

Vanquished Creatures
  2 dart slugs (D:1)
  2 hobgoblins (D:1)
  3 jackals (D:1)
  5 kobolds (D:1)
  2 bats (D:1)
  4 frilled lizards (D:1)
18 creatures vanquished.

Notes
Turn   | Place    | Note
-------+----------+-------------------------------------------
     0 | D:1      | FerrousOx the Naga Warper began the quest for the Orb.
     0 | D:1      | Reached XP level 1. HP: 19/19 MP: 3/3
   115 | D:1      | Reached XP level 2. HP: 22/26 MP: 5/5
   231 | D:1      | Learned a level 2 spell: Blink
   368 | D:1      | HP: 1/27 [dart slug (2)]
   369 | D:1      | Slain by a kobold

Levels and vault maps discovered:
D:1:      beargit_arrival_greenhouse, layout_basic

Action                   || total
-------------------------++-------
Melee: Spear             ||    53
Throw: Boomerang         ||     2
 Abil: Spit Poison       ||     6
  Use: Potion            ||     1
Armor: Leather armour    ||    13
Dodge: Dodged            ||    33

Table legend:
 A = Non-vault XP
 B = Vault XP
 C = Vault XP percentage of total XP
 D = Non-vault monster count
 E = Vault monster count
 F = Vault count percentage of total count
                 A         B        C        D         E       F
            +---------+---------+-------+---------+---------+-------
      Total |      33 |       0 |   0.0 |      18 |       0 |   0.0
            +---------+---------+-------+---------+---------+-------
        D:1 |      33 |       0 |   0.0 |      18 |       0 |   0.0
            +---------+---------+-------+---------+---------+-------
